 Dungeon Crawl Stone Soup version 0.28.0-53-g5a82cb258f (webtiles) character file.

Game seed: 12074974324866542742

15 Descartes the Skirmisher (level 2, 0/14 HPs)
             Began as a Felid Wanderer on May 20, 2022.
             Was a Follower of Nemelex Xobeh.
             Frozen to death by an endoplasm (3 damage)
             ... on level 1 of the Dungeon.
             The game lasted 00:01:04 (922 turns).

Descartes the Skirmisher (Felid Wanderer)            Turns: 922, Time: 00:01:05

Health: 0/14       AC:  1    Str:  6    XL:     2   Next: 34%
Magic:  6/6        EV: 17    Int: 13    God:    Nemelex Xobeh [*.....]
Gold:   24         SH:  0    Dex: 17    Spells: 5/5 levels left
                                        Lives:  0   Deaths: 0

rFire   . . .      SeeInvis +     - Unarmed
rCold   . . .      Faith    .   (shield unavailable)
rNeg    . . .      Spirit   .   (armour unavailable)
rPois   .          Reflect  .   (helmet unavailable)
rElec   .          Harm     .   (cloak unavailable)
rCorr   .          Rampage  .   (gloves unavailable)
Will    .....                   (boots unavailable)
Stlth   ++........              (no amulet)
HPRegen 0.04/turn               (no ring)
MPRegen 0.10/turn               (no ring)

@: quick
A: very small, claws 1, fangs 3, see invisible, speed 1, shaggy fur 1, stealthy
paws, no weapons or thrown items, no armour, multi-lived
a: Renounce Religion, Draw Escape, Draw Destruction, Draw Summoning


You were on level 1 of the Dungeon.
You worshipped Nemelex Xobeh.
Nemelex Xobeh was aware of your devotion.
You visited 1 branch of the dungeon, and saw 1 of its levels.

You collected 24 gold pieces.

Inventory:

Scrolls
 a - a scroll of teleportation
 b - a scroll of identify {unknown}
 c - a scroll of immolation {unknown}


   Skills:
 - Level 3.0 Fighting
 + Level 1.9 Dodging
 + Level 1.3 Unarmed Combat
 - Level 2.0 Spellcasting
 - Level 2.0 Summonings
 - Level 1.7 Fire Magic
 - Level 1.0 Invocations


You had 5 spell levels left.
You didn't know any spells.
Your spell library contained the following spells:

 Spells                   Type           Power      Damage    Failure   Level
 Summon Small Mammal      Summ           24%        N/A       11%         1
 Call Imp                 Summ           6%         N/A       17%         2
 Foxfire                  Conj/Fire      12%        2x1d4     19%         1
 Summon Guardian Golem    Hex/Summ       3%         N/A       45%         3
 Conjure Flame            Conj/Fire      3%         6-21      47%         3


Dungeon Overview and Level Annotations

Branches:
Dungeon (1/15)

Altars:
Nemelex Xobeh


Innate Abilities, Weirdness & Mutations

You have sharp claws.
You have razor-sharp teeth.
You have supernaturally acute eyesight. (SInv)
You cover ground quickly. (Speed+)
You are covered in fur. (AC +1)
Your paws help you pounce on unaware monsters.
You are incapable of wielding weapons or throwing items.
You cannot wear armour.
You gain extra lives every three experience levels.


Message History

No target in view!
No target in view!
No target in view!
No target in view!
No target in view!
Found 19 stones.
A hobgoblin comes into view.
A hobgoblin is nearby!
Found 12 stones.
An endoplasm comes into view.
You closely miss the hobgoblin. The hobgoblin hits you.
You scratch the hobgoblin. Your bite misses the hobgoblin.
The hobgoblin is lightly wounded.
The hobgoblin closely misses you.
You scratch the hobgoblin but do no damage.
The hobgoblin is lightly wounded.
The endoplasm quivers.
The hobgoblin misses you.
You scratch the hobgoblin.
You kill the hobgoblin!
The endoplasm freezes you.
You are frozen.
* * * LOW HITPOINT WARNING * * *
You are too injured to fight recklessly!
You are too injured to fight recklessly!
You are too injured to fight recklessly!
You are too injured to fight recklessly!
You are too injured to fight recklessly!
An endoplasm is nearby!
You scratch the endoplasm. You bite the endoplasm.
The endoplasm is severely wounded.
The endoplasm freezes you.
You are frozen.
* * * LOW HITPOINT WARNING * * *
You barely miss the endoplasm. Your bite misses the endoplasm.
The endoplasm is heavily wounded.
The endoplasm freezes you.
You are frozen.
You die...
Your body glows slightly and disappears.

.... ......... ....
#........ .... #........
.... #####........ ....
#............ ....
#............ ....
###.....J...... ....
#......@..# #+#+# ....
#.........# #.#.# ####
#...†.....# #.#.# #
#.........# #.#.## #
#.........#####>...#####
#...........#.....##.^..
#.........#.#.....####.#
##......###.#......#....
########.###.#....#.#^#..


You could see an endoplasm.

Vanquished Creatures
  A ball python (D:1)
  4 bats (D:1)
  2 endoplasms (D:1)
  A giant cockroach (D:1)
  2 hobgoblins (D:1)
  A quokka (D:1)
  2 rats (D:1)
13 creatures vanquished.

Notes
Turn   | Place    | Note
-------+----------+-------------------------------------------
     0 | D:1      | Descartes the Felid Wanderer began the quest for the Orb.
     0 | D:1      | Descartes set off with the following items: a scroll of
                  | teleportation; and the following spells available to
                  | memorise: Summon Small Mammal, Call Imp, Foxfire, Summon
                  | Guardian Golem, Conjure Flame
     0 | D:1      | Reached XP level 1. HP: 10/10 MP: 4/4
   302 | D:1      | Reached skill level 1 in Dodging
   446 | D:1      | Reached skill level 1 in Unarmed Combat
   450 | D:1      | Reached XP level 2. HP: 9/14 MP: 6/6
   834 | D:1      | Found a faded altar of an unknown god.
   858 | D:1      | Prayed at the altar of an unknown god.
   858 | D:1      | Became a worshipper of Nemelex Xobeh the Trickster
   858 | D:1      | Reached * piety under Nemelex Xobeh
   886 | D:1      | Received a gift from Nemelex Xobeh
   922 | D:1      | Frozen to death by an endoplasm

Illustrated notes

Levels and vault maps discovered:
D:1:      erik_arrival_orb_chamber, layout_basic,
          shapermc_ecumenical_altar_mp_highgroup, minmay_box_of_dots

Skill      XL: |  1 |
---------------+----+-----
Dodging        | 1 |  1.9
Unarmed Combat | 1 |  1.3
Fighting       | |  3.0
Spellcasting   | |  2.0
Summonings     | |  2.0
Fire Magic     | |  1.7
Invocations    | |  1.0

Action                   || total
-------------------------++-------
Melee: Unarmed           ||    48
       Bite              ||     7
 Stab: Sleeping          ||     2
Armor: Skin              ||    10
Dodge: Dodged            ||    37
